AoeStats
← GORGORY

Arabia

507814956Analyzed
1v1 RM · 13d ago on Sep 19, 2026· 42m 19s· 2 players
Game mode
Random Map
Map size
Tiny (2 player)
Population
200
Speed
Normal
Resources
Standard
Victory
Conquest
Starting age
Dark Age
Ending age
Imperial Age
RankedLock teamsTeams togetherTeam positionsShared explorationLock speedFull tech treeHidden civsTurbo modeCheats
Victory
Defeat
🇦🇷 Ethiopians · Argentina
1047
+17
🇦🇷 Magyars · Argentina
1060
-17
ElNegro
6:37 Loom
9:39 Feudal Age
10:23 Double-Bit Axe
13:31 Horse Collar
21:59 Castle Age
21:59 Scale Mail Armor
23:11 Squires
25:50 Elite Skirmisher
27:34 Fletching
28:46 Bow Saw
29:15 Town Watch
30:39 Wheelbarrow
30:36 Crossbowman
31:14 Bodkin Arrow
34:21 Imperial Age
32:57 Ballistics
32:45 Thumb Ring
33:25 Heavy Plow
35:05 Royal Heirs
36:21 Chemistry
35:13 Gold Mining
36:23 Bracer
36:34 Forging
41:11 Arbalester
43:23 Iron Casting
43:03 Chain Mail Armor
GORGORY
5:59 Loom
9:12 Feudal Age
9:38 Double-Bit Axe
14:06 Wheelbarrow
18:11 Castle Age
17:10 Stone Mining
17:18 Horse Collar
18:18 Gold Mining
23:54 Fervor
24:05 Sanctity
24:36 Town Watch
27:49 Heavy Plow
28:37 Bow Saw
29:50 Bloodlines
30:26 Husbandry
30:31 Scale Mail Armor
31:09 Scale Barding Armor
32:11 Chain Barding Armor
34:13 Hand Cart
34:01 Town Patrol
37:58 Imperial Age
35:47 Light Cavalry
37:34 Gold Shaft Mining
38:07 Cavalier
39:09 Conscription
40:20 Crop Rotation
40:52 Two-Man Saw
41:48 Plate Barding Armor
Connection lost

Rejoining the realm…

Still unreachable

The connection could not be restored.

Session expired

The server has moved on; the page needs a fresh start.